 Dungeon Sprint DCSS version 0.15-a0-1689-gfa11693 (webtiles) character file.

21900000 Crauler the Conqueror (level 27, -112/298 HPs)
             Began as a Deep Dwarf Warper on June 25, 2014.
             Was the Champion of Makhleb.
             Annihilated by a fleshlord
             ... wielding a +9 great mace
              (332 damage)
             ... in the Dungeon (Sprint VIII: "Arena of Blood").
             The game lasted 00:12:57 (219 turns).

Crauler the Conqueror (Deep Dwarf Warper)            Turns: 219, Time: 00:12:57

HP -112/298      AC  6     Str 10 (17) XL: 27
MP  49/49        EV 35     Int 12 (16) God: Makhleb [******]
Gold 0           SH  0     Dex 21      Spells:  1 memorised, 79 levels left

rFire  + . .     SeeInvis +     m - +∞ Axe of Woe
rCold  . . .     Clarity  .     b - +0 leather armour
rNeg   + . .     rCorr    .     (no shield)
rPois  .         rRot     .     (no helmet)
rElec  .         Spirit   .     (no cloak)
SustAb .         Warding  .     (no gloves)
rMut   .         NoTele   +     (no boots)
Gourm  .                        (no amulet)
MR     ++++.                    o - ring of protection from fire
                                n - ring of see invisible

@: lethally poisoned, non-regenerating, drained, incredibly resistant to hostile
enchantments, incredibly stealthy
A: damage resistance, recharge devices, life protection 1, sense surroundings 3,
slow healing 3
a: Device Recharging, Minor Destruction, Lesser Servant of Makhleb, Major
Destruction, Greater Servant of Makhleb, Renounce Religion


You were in the Dungeon.
You worshipped Makhleb.
Makhleb was exalted by your worship.
You were not hungry.

You visited 1 branch

Inventory:

Hand weapons
 a - a +0 hand axe
 m - the +∞ Axe of Woe (weapon)
   (You found it in the Dungeon)
Missiles
 e - 5 tomahawks (quivered)
Armour
 b - a +0 leather armour (worn)
Magical devices
 f - a wand of heal wounds (5)
Comestibles
 g - a bread ration
Scrolls
 d - 2 scrolls of blinking
Jewellery
 n - a ring of see invisible (left hand)
 o - a ring of protection from fire (right hand)
Potions
 h - a potion of curing
 i - a potion of heal wounds
 j - a potion of haste
 k - 2 potions of magic
 l - a potion of berserk rage
Books
 c - a book of Spatial Translocations

   Spells                             Type                      Level
   *Apportation                       Translocation                1
   Blink                              Translocation                2
   Shroud of Golubria                 Charms/Translocation         2
   Portal Projectile                  Translocation                3
   Teleport Other                     Translocation                3
   Passage of Golubria                Translocation                4


   Skills:
 O Level 27(26.2) Fighting
 O Level 27(26.2) Axes
 O Level 27(26.2) Throwing
 O Level 27(26.2) Armour
 O Level 27(26.2) Dodging
 O Level 27(26.2) Stealth
 O Level 27(26.2) Unarmed Combat
 O Level 27(26.2) Spellcasting
 O Level 27(26.2) Translocations
 O Level 27(26.2) Invocations
 O Level 27(26.2) Evocations


You had 79 spell levels left.
You knew the following spells:

 Your Spells              Type           Power        Failure   Level  Hunger
a - Apportation           Tloc           ######....   0%          1    None


Dungeon Overview and Level Annotations

Branches:
Dungeon (1/1)

Altars:
Makhleb


Innate Abilities, Weirdness & Mutations

You are resistant to damage.
You can recharge devices by infusing magical energy.
You resist negative energy.
You passively map a large area around you.
You do not heal naturally.


Message History

You hear a shout!
A dread comes into view.
A molten gargoyle and a hell knight come into view.
You feel extremely sick.
The fleshlord shouts!
You hear a shout!
You hear a shout!
The vile moves out of view.
You hear a shout!
The fleshlord points at you and mumbles some strange words.
You barely resist.
You hear a shout! x3
The lost soul throws negative energy at you.
The bolt of negative energy hits you! You partially resist.
You feel drained.
You hear a shout! x4
The scourge throws poison arrow at you. The poison arrow misses you.
The fleshlord casts a spell.
The fleshlord seems to speed up.
The fleshlord hits you with a +9 great mace!!!!!!
Ouch! That really hurt!
You die...

####......)).))
####......)))####)
#.........))#.....
#.W......))))#....
#.....)))))..#....
#.....))###...#...
#.....###......#..
#.p..#)..p........
#@...).).#........
#....))W).#.......
#.....).)....#....
#.......).#......#
#...)#...)........
#..).##)))....#...
#..WS)#)O)..#.....
#.)))))###.......
#...))##, ..#...


You could see a scourge, 2 fleshlords, 2 lost souls and a dread (wandering).

Vanquished Creatures
  Harold (D)
  10 great orbs of eyes (D)
  5 greater mummies (D)
  7 hell beasts (D)
  11 hell knights (D)
  5 hill giants (D)
  11 hydras (D)
  4 liches (D)
  33 ogres (D)
  89 orcs (D)
  8 phantoms (D)
  7 skeletal warriors (D)
  14 vampire knights (D)
  9 wraiths (D)
  11 sea snakes (D)
  2 tentacled monstrosities (D)
  7 large abominations (D)
  12 small abominations (D)
  2 soul eaters (D)
  12 crawling corpses (D)
260 creatures vanquished.

Vanquished Creatures (others)
  A small abomination (D)
  3 large abominations (D)
  5 crawling corpses (D)
9 creatures vanquished.

Grand Total: 269 creatures vanquished

Notes
Turn   | Place    | Note
--------------------------------------------------------------
     0 | D        | Crauler, the Deep Dwarf Warper, began the quest for the Orb.
     0 | D        | Reached XP level 1. HP: 19/19 MP: 2/2
     2 | D        | Noticed a bag of meat
     3 | D        | Became a worshipper of Makhleb the Destroyer
     6 | D        | Noticed a bag of meat
     6 | D        | Noticed a bag of meat
     6 | D        | Noticed a bag of meat
     6 | D        | Noticed a bag of meat
     7 | D        | Noticed a meat berserker
     8 | D        | Noticed a meat berserker
    10 | D        | Killed a bag of meat
    10 | D        | Reached skill level 13 in Fighting
    10 | D        | Reached skill level 15 in Axes
    10 | D        | Reached XP level 2. HP: 23/48 MP: 2/13
    10 | D        | Reached XP level 3. HP: 26/55 MP: 2/16
    10 | D        | Reached XP level 4. HP: 29/63 MP: 2/18
    10 | D        | Reached XP level 5. HP: 32/70 MP: 2/20
    10 | D        | Reached XP level 6. HP: 36/79 MP: 2/22
    10 | D        | Reached XP level 7. HP: 39/86 MP: 2/23
    10 | D        | Reached XP level 8. HP: 42/94 MP: 2/25
    10 | D        | Gained mutation: You passively map the area around you. [level up]
    10 | D        | Reached XP level 9. HP: 45/102 MP: 2/26
    10 | D        | Reached XP level 10. HP: 48/110 MP: 2/27
    10 | D        | Reached XP level 11. HP: 51/117 MP: 2/28
    11 | D        | Noticed a bag of meat
    11 | D        | Noticed a bag of meat
    11 | D        | Killed a bag of meat
    11 | D        | Acquired Makhleb's first power
    11 | D        | Reached skill level 15 in Fighting
    11 | D        | Reached skill level 17 in Axes
    11 | D        | Reached skill level 10 in Spellcasting
    11 | D        | Reached XP level 12. HP: 36/130 MP: 2/30
    12 | D        | Killed a meat berserker
    12 | D        | Reached skill level 18 in Axes
    12 | D        | Reached XP level 13. HP: 13/141 MP: 2/32
    12 | D        | Killed a bag of meat
    12 | D        | Reached skill level 19 in Axes
    13 | D        | Noticed a meat berserker
    13 | D        | Noticed a bag of meat
    13 | D        | Killed a meat berserker
    13 | D        | Acquired Makhleb's second power
    13 | D        | Reached skill level 20 in Axes
    13 | D        | Reached skill level 15 in Armour
    13 | D        | Reached skill level 15 in Dodging
    13 | D        | Reached skill level 15 in Translocations
    13 | D        | Gained mutation: You resist negative energy. [level up]
    13 | D        | Reached XP level 14. HP: 52/156 MP: 2/34
    13 | D        | Killed a bag of meat
    13 | D        | Reached skill level 21 in Axes
    14 | D        | Noticed a bag of meat
    14 | D        | Noticed a bag of meat
    14 | D        | Killed a bag of meat
    14 | D        | Reached skill level 22 in Axes
    14 | D        | Reached XP level 15. HP: 145/166 MP: 3/35
    14 | D        | Killed a meat berserker
    14 | D        | Acquired Makhleb's third power
    14 | D        | Reached skill level 23 in Axes
    15 | D        | Killed a bag of meat
    16 | D        | Noticed a meat berserker
    16 | D        | Noticed a meat berserker
    16 | D        | Noticed a bag of meat
    17 | D        | Noticed a bag of meat
    17 | D        | Noticed a bag of meat
    17 | D        | Noticed a bag of meat
    17 | D        | Noticed a bag of meat
    17 | D        | Killed a bag of meat
    17 | D        | Reached skill level 24 in Axes
    17 | D        | Killed a bag of meat
    17 | D        | Acquired Makhleb's fourth power
    17 | D        | Reached skill level 25 in Axes
    17 | D        | Reached skill level 15 in Spellcasting
    17 | D        | Reached XP level 16. HP: 179/183 MP: 3/37
    18 | D        | Noticed a bag of meat
    18 | D        | Noticed a bag of meat
    19 | D        | Killed a bag of meat
    19 | D        | Killed a meat berserker
    19 | D        | Reached skill level 26 in Axes
    20 | D        | Noticed a bag of meat
    20 | D        | Noticed a meat berserker
    21 | D        | Killed a bag of meat
    22 | D        | Killed a bag of meat
    22 | D        | Acquired Makhleb's fifth power
    22 | D        | Reached skill level 5 in Invocations
    22 | D        | Reached XP level 17. HP: 195/198 MP: 4/39
    24 | D        | Noticed a bag of meat
    24 | D        | Noticed a meat berserker
    24 | D        | Noticed a destroyer
    24 | D        | Killed a bag of meat
    24 | D        | Killed a meat berserker
    24 | D        | Reached skill level 10 in Invocations
    24 | D        | Killed a meat berserker
    24 | D        | Killed a bag of meat
    25 | D        | Noticed a bag of meat
    25 | D        | Noticed a bag of meat
    26 | D        | Noticed a bag of meat
    26 | D        | Noticed a bag of meat
    26 | D        | Killed a destroyer
    26 | D        | Reached skill level 15 in Evocations
    26 | D        | Gained mutation: You passively map a large area around you. [level up]
    26 | D        | Reached XP level 18. HP: 214/214 MP: 5/41
    27 | D        | Noticed a bag of meat
    28 | D        | Noticed a bag of meat
    29 | D        | Noticed a destroyer
    29 | D        | Killed a bag of meat
    29 | D        | Reached skill level 15 in Invocations
    29 | D        | Killed a bag of meat
    29 | D        | Killed a bag of meat
    29 | D        | Reached skill level 27 in Fighting
    29 | D        | Killed a bag of meat
    30 | D        | Killed a bag of meat
    30 | D        | Reached skill level 27 in Axes
    30 | D        | Killed a bag of meat
    30 | D        | Reached XP level 19. HP: 226/226 MP: 6/42
    30 | D        | Killed a bag of meat
    31 | D        | Noticed an eight-headed meat hydra
    31 | D        | Noticed an eight-headed meat hydra
    31 | D        | Noticed The Servant
    31 | D        | Killed a meat berserker
    32 | D        | Killed a bag of meat
    32 | D        | Killed a bag of meat
    34 | D        | Killed a nine-headed meat hydra
    34 | D        | Killed The Servant
    34 | D        | Reached skill level 27 in Armour
    34 | D        | Reached skill level 27 in Dodging
    34 | D        | Reached skill level 27 in Translocations
    34 | D        | Reached XP level 20. HP: 195/236 MP: 7/44
    34 | D        | Killed a bag of meat
    34 | D        | Reached skill level 27 in Evocations
    36 | D        | Noticed a destroyer
    36 | D        | Noticed an eight-headed meat hydra
    36 | D        | Killed a nine-headed meat hydra
    36 | D        | Reached skill level 27 in Invocations
    37 | D        | Killed a destroyer
    37 | D        | Killed a bag of meat
    38 | D        | Noticed a destroyer
    38 | D        | Noticed a large bag of meat
    39 | D        | Noticed a destroyer
    39 | D        | Noticed a bag of meat
    40 | D        | Noticed a large bag of meat
    40 | D        | Noticed a sculptor of flesh
    40 | D        | Noticed a destroyer
    41 | D        | Killed a destroyer
    41 | D        | Reached skill level 27 in Spellcasting
    42 | D        | Noticed a meat berserker
    42 | D        | Reached skill level 10 in Stealth
    42 | D        | Killed a large bag of meat
    42 | D        | Reached skill level 10 in Throwing
    42 | D        | Reached skill level 10 in Unarmed Combat
    42 | D        | Killed a destroyer
    42 | D        | Reached XP level 21. HP: 244/244 MP: 9/47
    43 | D        | Noticed a bag of meat
    43 | D        | Noticed a bag of meat
    43 | D        | Killed a destroyer
    44 | D        | Noticed a bag of meat
    44 | D        | Noticed a large bag of meat
    45 | D        | Noticed a bag of meat
    46 | D        | Noticed a bag of meat
    46 | D        | Noticed a bag of meat
    46 | D        | Noticed a bag of meat
    46 | D        | Killed a large bag of meat
    46 | D        | Reached skill level 15 in Throwing
    46 | D        | Reached skill level 15 in Unarmed Combat
    46 | D        | Killed a bag of meat
    47 | D        | Killed a destroyer
    47 | D        | Killed a meat berserker
    49 | D        | Noticed a sculptor of flesh
    49 | D        | Killed a bag of meat
    51 | D        | Noticed a tyrant
    52 | D        | Noticed a bag of meat
    52 | D        | Noticed a meat berserker
    52 | D        | Noticed a meat berserker
    52 | D        | Killed a sculptor of flesh
    54 | D        | Noticed a tyrant
    55 | D        | Noticed an accursed
    55 | D        | Killed a bag of meat
    55 | D        | Reached skill level 27 in Stealth
    56 | D        | Killed a meat berserker
    56 | D        | Reached XP level 22. HP: 254/254 MP: 13/47
    57 | D        | Noticed an accursed
    57 | D        | Killed a bag of meat
    57 | D        | Killed a bag of meat
    58 | D        | Killed a sculptor of flesh
    59 | D        | Killed an eight-headed meat hydra
    59 | D        | Killed a bag of meat
    60 | D        | Killed a meat berserker
    62 | D        | Killed a bag of meat
    62 | D        | Reached skill level 27 in Throwing
    62 | D        | Reached skill level 27 in Unarmed Combat
    62 | D        | Killed a bag of meat
    63 | D        | Noticed a meat berserker
    64 | D        | Noticed a bag of meat
    64 | D        | Killed a large bag of meat
    64 | D        | Killed an accursed
    64 | D        | Reached XP level 23. HP: 217/262 MP: 15/48
    65 | D        | Noticed a dread
    67 | D        | Noticed a bag of meat
    68 | D        | Noticed a meat berserker
    68 | D        | Killed a tyrant
    68 | D        | Killed a tyrant
    69 | D        | Noticed a dread
    69 | D        | Noticed a bag of meat
    70 | D        | Killed a meat berserker
    71 | D        | Noticed a bag of meat
    71 | D        | Killed a meat berserker
    72 | D        | Killed a bag of meat
    74 | D        | Noticed a meat beast
    74 | D        | Killed a bag of meat
    76 | D        | Killed a dread
    76 | D        | Killed a meat beast
    78 | D        | Noticed a bag of meat
    78 | D        | Killed a bag of meat
    79 | D        | Killed a bag of meat
    79 | D        | Reached XP level 24. HP: 272/272 MP: 18/48
    79 | D        | Killed an accursed
    80 | D        | Killed a dread
    81 | D        | Killed a bag of meat
    83 | D        | Killed a bag of meat
    84 | D        | Noticed a lost soul
    85 | D        | Noticed an eight-headed meat hydra
    86 | D        | Noticed a bag of meat
    87 | D        | Noticed a meat berserker
    87 | D        | Noticed a meat berserker
    88 | D        | Noticed a bag of meat
    89 | D        | Killed a lost soul
    91 | D        | Noticed an accursed
    91 | D        | Noticed a bag of meat
    91 | D        | Noticed a bag of meat
    91 | D        | Noticed a bag of meat
    91 | D        | Noticed a bag of meat
    92 | D        | Noticed an accursed
    92 | D        | Killed a meat berserker
    92 | D        | Killed a bag of meat
    92 | D        | Killed an accursed
    94 | D        | Noticed a meat berserker
    94 | D        | Killed a bag of meat
    94 | D        | Killed a meat berserker
    95 | D        | Noticed a bag of meat
    95 | D        | Noticed a sculptor of flesh
    96 | D        | Noticed a meat beast
    96 | D        | Noticed a bag of meat
    96 | D        | Noticed a bag of meat
    96 | D        | Noticed a bag of meat
    97 | D        | Noticed a bag of meat
    97 | D        | Noticed a meat berserker
    97 | D        | Noticed a bag of meat
    97 | D        | Noticed a destroyer
    98 | D        | Noticed a bag of meat
    98 | D        | Noticed an accursed
    98 | D        | Killed a bag of meat
    98 | D        | Reached XP level 25. HP: 280/280 MP: 23/49
    98 | D        | Killed a meat beast
    98 | D        | Killed a bag of meat
    99 | D        | Noticed a bag of meat
    99 | D        | Noticed a bag of meat
    99 | D        | Noticed a bag of meat
    99 | D        | Noticed a bag of meat
   100 | D        | Noticed a lost soul
   101 | D        | Killed a nine-headed meat hydra
   101 | D        | Killed a meat berserker
   101 | D        | Killed a bag of meat
   102 | D        | Killed a bag of meat
   102 | D        | Killed a bag of meat
   103 | D        | Killed a bag of meat
   103 | D        | Killed a bag of meat
   104 | D        | Noticed a bag of meat
   104 | D        | Noticed a bag of meat
   105 | D        | Killed a bag of meat
   105 | D        | Killed a bag of meat
   105 | D        | Reached XP level 26. HP: 248/290 MP: 25/49
   105 | D        | Killed a bag of meat
   105 | D        | Killed a sculptor of flesh
   105 | D        | Killed a meat berserker
   106 | D        | Killed a bag of meat
   106 | D        | Killed a bag of meat
   106 | D        | Killed a destroyer
   107 | D        | Noticed a meat berserker
   107 | D        | Killed an accursed
   108 | D        | Noticed a meat berserker
   109 | D        | Noticed a bag of meat
   109 | D        | Killed a bag of meat
   109 | D        | Killed a bag of meat
   110 | D        | Noticed a meat berserker
   110 | D        | Noticed a meat berserker
   110 | D        | Noticed a meat berserker
   111 | D        | Noticed a lost soul
   111 | D        | Noticed a meat beast
   111 | D        | Killed a meat berserker
   111 | D        | Killed a meat berserker
   112 | D        | Noticed a bag of meat
   112 | D        | Noticed an observer
   113 | D        | Noticed a bag of meat
   113 | D        | Killed a meat berserker
   113 | D        | Reached XP level 27. HP: 298/298 MP: 27/49
   113 | D        | Killed a bag of meat
   114 | D        | Noticed a bag of meat
   114 | D        | Killed a bag of meat
   114 | D        | Killed a lost soul
   114 | D        | Killed a meat berserker
   115 | D        | Noticed a scourge
   115 | D        | Noticed a bag of meat
   115 | D        | Killed a meat berserker
   116 | D        | Killed a meat beast
   116 | D        | Killed an accursed
   117 | D        | Noticed a destroyer
   117 | D        | Killed an observer
   119 | D        | Noticed a meat berserker
   119 | D        | Killed a bag of meat
   119 | D        | Killed a lost soul
   119 | D        | Killed a bag of meat
   120 | D        | Killed a bag of meat
   120 | D        | Killed a meat berserker
   123 | D        | Killed a destroyer
   124 | D        | Noticed a meat berserker
   124 | D        | Killed a bag of meat
   126 | D        | Noticed a fleshlord
   126 | D        | Killed a bag of meat
   128 | D        | Killed a fleshlord
   129 | D        | Noticed a meat berserker
   129 | D        | Noticed a bag of meat
   129 | D        | Noticed a bag of meat
   129 | D        | Noticed a bag of meat
   129 | D        | Noticed a meat berserker
   129 | D        | Noticed a fleshlord
   130 | D        | Noticed a bag of meat
   130 | D        | Noticed a tyrant
   130 | D        | Noticed a bag of meat
   130 | D        | Noticed a lost soul
   131 | D        | Killed a bag of meat
   131 | D        | Killed a scourge
   131 | D        | Killed a meat berserker
   132 | D        | Noticed a bag of meat
   133 | D        | Noticed a fleshlord
   133 | D        | Killed a meat berserker
   133 | D        | Killed a bag of meat
   134 | D        | Noticed a destroyer
   134 | D        | Killed a bag of meat
   134 | D        | Killed a meat berserker
   135 | D        | Killed a bag of meat
   136 | D        | Noticed a destroyer
   136 | D        | Noticed a bag of meat
   138 | D        | Killed a fleshlord
   138 | D        | Killed a bag of meat
   139 | D        | Killed a fleshlord
   140 | D        | Noticed a destroyer
   140 | D        | Killed a tyrant
   141 | D        | Noticed an observer
   141 | D        | Killed a destroyer
   142 | D        | Noticed a meat berserker
   143 | D        | Noticed a meat berserker
   143 | D        | Killed a lost soul
   143 | D        | Killed a destroyer
   144 | D        | Noticed an observer
   144 | D        | Noticed a lost soul
   144 | D        | Killed a bag of meat
   147 | D        | Noticed a bag of meat
   147 | D        | Killed a meat berserker
   147 | D        | Killed a meat berserker
   148 | D        | Noticed a bag of meat
   149 | D        | Killed a destroyer
   149 | D        | Killed an observer
   152 | D        | Noticed a meat berserker
   152 | D        | Killed an observer
   153 | D        | Noticed an observer
   154 | D        | Killed a bag of meat
   155 | D        | Noticed an observer
   156 | D        | Killed a meat berserker
   158 | D        | Noticed a sculptor of flesh
   158 | D        | Noticed a meat berserker
   158 | D        | Noticed an observer
   158 | D        | Noticed a bag of meat
   158 | D        | Noticed a bag of meat
   158 | D        | Noticed a bag of meat
   158 | D        | Noticed a meat berserker
   158 | D        | Noticed a destroyer
   159 | D        | Killed a meat berserker
   160 | D        | Noticed a meat beast
   160 | D        | Noticed a bag of meat
   160 | D        | Noticed a bag of meat
   160 | D        | Noticed a bag of meat
   160 | D        | Noticed a fleshlord
   160 | D        | Noticed an eight-headed meat hydra
   161 | D        | Noticed a bag of meat
   161 | D        | Noticed a bag of meat
   161 | D        | Noticed a large bag of meat
   161 | D        | Noticed a lost soul
   161 | D        | Killed an observer
   162 | D        | Noticed a meat berserker
   162 | D        | Noticed an observer
   162 | D        | Killed a lost soul
   163 | D        | Noticed a bag of meat
   163 | D        | Noticed a tyrant
   163 | D        | Killed an observer
   164 | D        | Noticed a fleshlord
   164 | D        | Noticed a bag of meat
   164 | D        | Killed a bag of meat
   165 | D        | Noticed a bag of meat
   165 | D        | Noticed a bag of meat
   165 | D        | Noticed a bag of meat
   165 | D        | Noticed a destroyer
   165 | D        | Noticed a lost soul
   165 | D        | Killed a bag of meat
   165 | D        | Killed a lost soul
   166 | D        | Killed an observer
   166 | D        | Killed a destroyer
   167 | D        | Noticed a bag of meat
   167 | D        | Noticed a fleshlord
   167 | D        | Noticed a bag of meat
   167 | D        | Noticed a meat beast
   167 | D        | Killed a destroyer
   167 | D        | Killed a bag of meat
   168 | D        | Killed a bag of meat
   168 | D        | Killed a meat berserker
   168 | D        | Killed a sculptor of flesh
   169 | D        | Noticed a lost soul
   169 | D        | Killed a fleshlord
   169 | D        | Killed a meat beast
   170 | D        | Noticed a large bag of meat
   170 | D        | Killed a meat beast
   171 | D        | Killed a bag of meat
   171 | D        | Killed a nine-headed meat hydra
   172 | D        | Noticed a lost soul
   173 | D        | Killed a bag of meat
   173 | D        | Killed a bag of meat
   173 | D        | Killed a bag of meat
   174 | D        | Killed a bag of meat
   176 | D        | Killed a lost soul
   177 | D        | Killed a fleshlord
   177 | D        | Killed a bag of meat
   178 | D        | Noticed a fleshlord
   178 | D        | Killed a fleshlord
   180 | D        | Killed a bag of meat
   181 | D        | Killed a meat berserker
   183 | D        | Killed a bag of meat
   183 | D        | Killed a large bag of meat
   183 | D        | Killed a large bag of meat
   184 | D        | Noticed a fleshlord
   184 | D        | Killed a tyrant
   184 | D        | Killed a bag of meat
   185 | D        | Killed a bag of meat
   185 | D        | Killed a bag of meat
   186 | D        | Killed a fleshlord
   187 | D        | Noticed a destroyer
   187 | D        | Noticed a meat berserker
   187 | D        | Noticed a bag of meat
   187 | D        | Noticed a bag of meat
   187 | D        | Noticed a bag of meat
   187 | D        | Noticed a fleshlord
   187 | D        | Noticed a fleshlord
   187 | D        | Noticed a dread
   188 | D        | Noticed a bag of meat
   188 | D        | Noticed a meat berserker
   188 | D        | Killed a lost soul
   189 | D        | Noticed a meat beast
   189 | D        | Noticed a scourge
   190 | D        | Noticed a dread
   190 | D        | Noticed an observer
   190 | D        | Killed a destroyer
   190 | D        | Killed a bag of meat
   192 | D        | Noticed a bag of meat
   192 | D        | Killed a fleshlord
   192 | D        | Killed a meat beast
   192 | D        | Killed a meat berserker
   193 | D        | Noticed a dread
   194 | D        | Noticed an observer
   195 | D        | Noticed a meat beast
   195 | D        | Killed a bag of meat
   197 | D        | Killed a bag of meat
   197 | D        | Killed an observer
   198 | D        | Killed a fleshlord
   198 | D        | Killed a bag of meat
   199 | D        | Killed a fleshlord
   199 | D        | Killed a dread
   199 | D        | Killed a meat beast
   201 | D        | Noticed a fleshlord
   201 | D        | Killed a bag of meat
   203 | D        | Killed an observer
   203 | D        | Killed a dread
   203 | D        | Killed a bag of meat
   204 | D        | Noticed a dread
   204 | D        | Killed a meat berserker
   205 | D        | Killed an observer
   205 | D        | Killed a dread
   207 | D        | Killed a dread
   208 | D        | Noticed an observer
   209 | D        | Killed a fleshlord
   210 | D        | Noticed a dread
   211 | D        | Noticed a dread
   211 | D        | Noticed a dread
   213 | D        | Killed a dread
   213 | D        | Killed an observer
   214 | D        | Noticed a lost soul
   215 | D        | Noticed a lost soul
   215 | D        | Noticed a lost soul
   216 | D        | Killed a dread
   218 | D        | Noticed a fleshlord
   218 | D        | Killed a dread
   219 | D        | Noticed a dread
   219 | D        | Noticed a fleshlord
   219 | D        | Noticed a vile
   219 | D        | Annihilated by a fleshlord

Action                   |  1- 3 |  4- 6 |  7- 9 | 10-12 | 13-15 | 16-18 | 19-21 | 22-24 | 25-27 || total
-------------------------+-------+-------+-------+-------+-------+-------+-------+-------+-------++-------
Melee: Executioner's axe |     1 |       |       |     2 |     4 |     7 |    11 |    23 |    78 ||   126
 Cast: Apportation       |       |       |       |       |       |       |       |       |     1 ||     1
